 Dungeon Crawl Stone Soup version 0.29-a0-909-g30c7767f5c (webtiles) character file.

Game seed: 3367802506410945344

91 Destapler the Charlatan (level 4, 0/34 HPs)
             Began as a Demonspawn Artificer on July 25, 2022.
             Slain by Crazy Yiuf
             ... wielding a +2 quarterstaff of chaos
              (6 damage)
             ... on level 3 of the Dungeon.
             The game lasted 00:07:58 (3836 turns).

Destapler the Charlatan (Demonspawn Artificer)      Turns: 3836, Time: 00:07:58

Health: 0/34       AC:  3    Str: 14    XL:     4   Next: 34%
Magic:  4/4        EV: 11    Int: 15    God:
Gold:   162        SH:  8    Dex: 13    Spells: 3/3 levels left

rFire   . . .      SeeInvis .   h - +1 dagger
rCold   . . .      Faith    .   j - +0 buckler
rNeg    . . .      Spirit   .   b - +0 leather armour
rPois   .          Reflect  +   (no helmet)
rElec   .          Harm     .   (no cloak)
rCorr   .          Rampage  .   (no gloves)
Will    .....                   (no boots)
Stlth   ++........              k - amulet of reflection
HPRegen 0.11/turn               (no ring)
MPRegen 0.18/turn               (no ring)

@: no status effects
A: magic regeneration, big brain 1, condensation shield
a: no special abilities


You were on level 3 of the Dungeon.
You visited 1 branch of the dungeon, and saw 4 of its levels.

You collected 162 gold pieces.

Inventory:

Hand Weapons
 a - a +0 club
 h - a +1 dagger (weapon)
Missiles
 p - 5 poisoned darts
Armour
 b - a +0 leather armour (worn)
 j - a +0 buckler (worn)
Jewellery
 k - an amulet of reflection (around neck)
Wands
 d - a wand of charming (14) (quivered)
 e - a wand of iceblast (9)
Scrolls
 c - a scroll of identify {unknown}
 f - 2 scrolls of teleportation
 l - a scroll of fog {unknown}
 q - a scroll of blinking {unknown}
Potions
 g - a potion of curing {unknown}
 i - a potion of might {unknown}
 m - a potion of degeneration {unknown}
 n - a potion of attraction {unknown}
 o - 2 potions of brilliance {unknown}


   Skills:
 * Level 2.3 Fighting
 + Level 0.3 Short Blades
 - Level 1.1 Maces & Flails
 + Level 2.2 Armour
 + Level 1.5 Dodging
 + Level 1.8 Stealth
 + Level 3.2 Evocations


You had 3 spell levels left.
You didn't know any spells.
Your spell library was empty.

Dungeon Overview and Level Annotations

Branches:
Dungeon (4/15)
 Temple: D:4-7

Altars:
Fedhas

Annotations:
D:3 Crazy Yiuf, Sigmund


Innate Abilities, Weirdness & Mutations

You regenerate magic rapidly.
You have an unusually large brain. (Int +2)
A meltable shield of frost defends you. (SH +0)


Message History

The quokka misses you.
You hit the quokka.
The quokka is almost dead.
The quokka bites you but does no damage.
You hit the quokka.
You kill the quokka!
No target in view!
You see here a quokka corpse.
f - 2 scrolls of teleportation (gained 1)
Found a stone staircase leading down.
Found a hammer.
Found a runed translucent door.
Crazy Yiuf shouts!
Crazy Yiuf flaps his cloak.
You open the door.
Aiming: Charm
Press: ? - help, Q - select action, (/) - cycle Shift-Dir - straight line, f - Crazy Yiuf
Aim: Crazy Yiuf, wielding a +2 quarterstaff of chaos and wearing a +1 cloak (chance to affect: 66%) Crazy Yiuf struggles to resist.
You hit Crazy Yiuf but do no damage. You block Crazy Yiuf's attack.
You hit Crazy Yiuf but do no damage. You block Crazy Yiuf's attack.
You hit Crazy Yiuf.
Crazy Yiuf is lightly wounded.
You block Crazy Yiuf's attack.
You barely miss Crazy Yiuf.
Crazy Yiuf is lightly wounded.
You block Crazy Yiuf's attack.
You hit Crazy Yiuf.
Crazy Yiuf is moderately wounded.
Crazy Yiuf hits you with a +2 quarterstaff of chaos!
Your condensation shield dissipates!
Crazy Yiuf burns you.
You hit Crazy Yiuf but do no damage.
Crazy Yiuf is moderately wounded.
Crazy Yiuf hits you with a +2 quarterstaff of chaos!
* * * LOW HITPOINT WARNING * * *
Unknown command.
You hit Crazy Yiuf but do no damage.
Crazy Yiuf is moderately wounded.
Crazy Yiuf hits you with a +2 quarterstaff of chaos.
You die...

..........................#.##...
.#.............##.#.##...........
.........(...............#..##.##
.#.###...#################..##.##
.........# #...##.## ..(......#
#........ .........# ###
♣♣##......## .#.#.#...# #)..#♣♣
♣♣P...#..#.## .........#
#...g@♣♣♣♣............ .........#
#...#♣..♣.PP...#..#.## ##.#.#...#
### ♣♣♣.♣..........## ##.#.#..##
♣♣♣♣♣##........ .......@.#
#..##...# #..#.#...#
##############..##...#
#..#.#.#####........#.##.####...#
#..# # #..............##.#####..#
.... ..........................


You could see Crazy Yiuf.

Vanquished Creatures
  5 adders
  2 worms
  A dart slug (D:2)
  3 endoplasms
  A giant cockroach (D:3)
  5 goblins
  2 hobgoblins (D:2)
  3 jackals (D:1)
  2 quokkas (D:3)
  4 ball pythons
  2 frilled lizards (D:1)
  7 kobolds
  3 rats (D:1)
40 creatures vanquished.

Notes
Turn   | Place    | Note
-------+----------+-------------------------------------------
     0 | D:1      | Destapler the Demonspawn Artificer began the quest for the
                  | Orb.
     0 | D:1      | Reached XP level 1. HP: 15/15 MP: 1/1
    76 | D:1      | Reached skill level 1 in Stealth
   303 | D:1      | Reached skill level 1 in Dodging
   753 | D:1      | Gained mutation: A meltable shield of frost defends you.
                  | (SH +0) [demonic ancestry]
   753 | D:1      | Reached XP level 2. HP: 21/21 MP: 2/2
  1523 | D:2      | Gained mutation: You regenerate magic rapidly. [demonic
                  | ancestry]
  1523 | D:2      | Reached XP level 3. HP: 15/27 MP: 3/3
  2487 | D:2      | Reached skill level 1 in Maces & Flails
  2929 | D:3      | Noticed Sigmund
  3057 | D:3      | Found a blossoming altar of Fedhas.
  3110 | D:3      | Gained mutation: You have an unusually large brain. (Int
                  | +2) [demonic ancestry]
  3110 | D:3      | Reached XP level 4. HP: 12/33 MP: 4/4
  3824 | D:3      | Found a runed translucent door.
  3825 | D:3      | Noticed Crazy Yiuf
  3836 | D:3      | Slain by Crazy Yiuf

Illustrated notes

Levels and vault maps discovered:
D:1:      psy_arrival_radial02, layout_rooms
D:2:      layout_basic
D:3:      layout_basic, mainiacjoe_overflow_small_starburst,
          nicolae_qazlal_eye_of_the_storm, uniq_sigmund, uniq_crazy_yiuf_cottage
D:4:      layout_cave_pools, mainiacjoe_overflow_concentric_impassable,
          minmay_temple_entry_junction, minmay_misc_feat_x,
          kennysheep_opposing_triangles

Skill      XL: |  1  2  3 |
---------------+----------+-----
Stealth        | 1 |  1.8
Dodging        | 1 |  1.5
Armour         | 2 |  2.2
Fighting       | 2 |  2.3
Maces & Flails | 1 |  1.1
Short Blades   | |  0.3
Evocations     | |  3.2

Action                   |  1- 3 |  4- 6 || total
-------------------------+-------+-------++-------
Melee: Club              |    29 |       ||    29
       Dagger            |   133 |    29 ||   162
       Punch             |       |     1 ||     1
Evoke: Wand              |    11 |     5 ||    16
  Use: Scroll            |     7 |       ||     7
 Stab: Sleeping          |     3 |     1 ||     4
Armor: Leather armour    |    21 |     3 ||    24
Dodge: Dodged            |    71 |     8 ||    79
Block: Other             |    42 |    11 ||    53
       Reflection        |     2 |       ||     2
       Buckler           |       |     5 ||     5

Table legend: (Time is in decaauts)
 A = Elapsed time spent in this place.
 B = Non-inter-level travel time spent in this place.
 C = Inter-level travel time spent in this place.
 D = Time resting spent in this place.
 E = Time spent auto-exploring this place.
 F = Levels seen in this place.
 G = Mean time per level.
                   A        B        C        D        E       F      G
               +--------+--------+--------+--------+--------+-----+--------+
         Total |   3844 |   3695 |    149 |    576 |   2547 |   4 |  961.0 |
       Dungeon |   3844 |   3695 |    149 |    576 |   2547 |   4 |  961.0 |
               +--------+--------+--------+--------+--------+-----+--------+

Top non-repeatable levels by time:
     D:2: 1748 daAuts
     D:1: 1139 daAuts
     D:3: 953 daAuts
     D:4: 3 daAuts
